Map: Catallena LE (Void)

Players

SamuraiFunn - Winner!

  • Race: Protoss Protoss
  • Spawn Location: 9:00

A.I. 1 (Harder)

  • Race: Terran Terran
  • Spawn Location: 5:00

VOD

Have the link to the VOD?

Description

Time

  • Played on: Nov. 3, 2017, 10:54 p.m.
  • Length: 10:43
Show
View Real Time Build Order
Export as new Build Order

SamuraiFunn Protoss - Winner!

Build Orders:  

Get SALT Encoding   

  12  0:01  Probe (Chrono Boost)  
  13  0:11  Probe (Chrono Boost)  
  14  0:23  Pylon  
  14  0:24  Probe (Chrono Boost)  
  15  0:41  Probe (Chrono Boost)  
  16  0:45  Gateway  
  16  0:52  Probe (Chrono Boost)  
  17  1:03  Probe (Chrono Boost)  
  18  1:07  Assimilator  
  18  1:14  Probe (Chrono Boost)  
  19  1:24  Probe (Chrono Boost)  
  20  1:35  Probe (Chrono Boost), Pylon  
  20  1:38  Assimilator  
  21  1:50  Cybernetics Core  
  21  1:56  Probe (Chrono Boost)  
  22  2:12  Probe (Chrono Boost)  
  24  2:23  Probe (Chrono Boost)  
  26  2:31  Adept  
  26  2:32  Warp Gate  
  26  2:34  Probe (Chrono Boost)  
  27  2:54  Probe (Chrono Boost)  
  27  2:55  Nexus  
  27  2:58  Adept  
  30  2:59  Pylon  
  30  3:02  Pylon  
  30  3:05  Probe (Chrono Boost)  
  31  3:10  Assimilator  
  31  3:17  Probe (Chrono Boost)  
  32  3:28  Probe (Chrono Boost)  
  32  3:31  Gateway  
  33  3:40  Probe (Chrono Boost)  
  34  3:50  Probe (Chrono Boost), Pylon  
  34  3:53  Pylon  
  35  4:03  Pylon  
  35  4:06  Pylon  
  36  4:17  Probe x2 (Chrono Boost)  
  36  4:22  Assimilator  
  37  4:30  Zealot  
  41  4:31  Zealot  
  41  4:41  Probe x2 (Chrono Boost)  
  41  4:42  Stargate x2  
  43  4:57  Gateway  
  43  5:05  Forge, Twilight Council  
  43  5:16  Probe x2 (Chrono Boost)  
  47  5:28  Probe x2 (Chrono Boost)  
  47  5:33  Zealot x2  
  51  5:40  Void Ray  
  51  5:42  Void Ray  
  59  5:54  Sentry  
  61  5:59  Probe (Chrono Boost)  
  61  6:00  Probe (Chrono Boost)  
  63  6:10  Robotics Facility  
  63  6:20  Sentry  
  63  6:22  Zealot  
  67  6:28  Nexus  
  67  6:31  Probe x2 (Chrono Boost), Assimilator  
  69  6:35  Assimilator  
  61  7:17  Void Ray x2  
  61  7:19  Warp Prism  
  71  7:26  Zealot x2  
  75  7:54  Warp Prism  
  77  8:00  Void Ray x2  
  81  8:38  Zealot  
  81  8:39  Zealot  
  85  9:05  Void Ray x2  
  93  9:30  Zealot x3  
  93  9:39  Zealot x3  
Show
View Real Time Build Order
Export as new Build Order

A.I. 1 (Harder) Terran 

Build Orders: MMM Bio 

Get SALT Encoding   

  12  0:00  SCV  
  13  0:13  SCV  
  14  0:19  Supply Depot  
  14  0:25  SCV  
  15  0:40  SCV  
  16  0:44  Barracks  
  16  0:49  Refinery  
  16  0:52  SCV  
  17  1:05  SCV  
  18  1:17  SCV  
  19  1:21  Supply Depot  
  19  1:29  SCV  
  19  1:31  Marine  
  21  1:41  Barracks, Orbital Command  
  21  1:50  Barracks Tech Lab, Refinery  
  21  2:06  Factory  
  21  2:08  Marine  
  22  2:26  Marauder  
  22  2:29  Marine, Supply Depot  
  25  2:47  Marine  
  25  2:51  Hellion  
  28  2:55  Supply Depot  
  28  2:59  Marine  
  29  3:07  Marine  
  30  3:16  Marine  
  31  3:25  Marine  
  32  3:28  Supply Depot  
  32  3:34  Hellion  
  34  3:43  Marauder  
  36  3:49  SCV  
  36  3:55  Hellion  
  39  4:01  SCV, Supply Depot  
  40  4:05  Marauder  
  42  4:10  Engineering Bay  
  42  4:14  SCV  
  42  4:16  Hellion  
  45  4:26  SCV, Marauder  
  48  4:38  SCV, Hellion  
  51  4:50  SCV  
  52  4:59  Hellion  
  54  6:21  Barracks Tech Lab, Reaper  
  54  6:22  Terran Infantry Weapons Level 1, Stimpack  
  54  6:23  Factory, Factory Tech Lab  
  55  6:27  Starport  
  55  6:28  Command Center  
  55  6:31  Starport  
  55  6:34  Supply Depot  
  55  6:35  Missile Turret  
  55  6:38  Combat Shields  
  55  6:39  Marine  
  56  6:53  Marine  
  56  6:56  Marine  
  56  7:00  Ghost Academy  
  43  7:04  Starport Tech Lab  
  43  7:07  Starport Tech Lab  
  43  7:08  Factory Tech Lab  
  30  7:11  Reaper  
  30  7:14  Marine  
  32  7:24  Raven  
  34  7:32  Marine  
  35  7:43  Marine  
  36  7:47  SCV  
  36  7:48  SCV  
  36  7:50  Marine, Refinery  
  39  7:55  Refinery  
  39  7:59  SCV  
  39  8:01  SCV  
  39  8:02  Marauder  
  43  8:08  Marauder  
  43  8:11  SCV  
  46  8:14  SCV  
  46  8:16  Terran Infantry Armor Level 1  
  47  8:23  Marauder  
  47  8:24  SCV  
  41  8:29  Marine  
  41  8:32  Viking  
  33  8:44  Marine, Viking  
  33  8:47  Reaper  
  28  9:02  Marine  
  29  9:18  SCV  
  29  9:19  Marauder  
  29  9:20  Marauder  
  34  9:27  Command Center  
  34  9:30  SCV  
  33  9:40  Marine  
  33  9:41  Marauder  
  36  9:46  Command Center  
  36  9:47  SCV  
  36  9:59  SCV  
  15  10:11  SCV  
Tags
 
Composition
MMM Bio
Matchup
PvT
Replay Pack
First 100 games
Spawn Locations
Cross Positions
Add a new tag
Caveats
  • Supply blocks, unpowered buildings, or Contaminate may cause inaccurate times.
  • Supply counts are checked every 10 seconds.